 Dungeon Crawl Stone Soup version 0.24.0-125-gc4c63601f3 (webtiles) character file.

Game seed: 15870377089444107660, levelgen mode: deterministic

9485 Peloso the Carver (level 11, -5/95 HPs)
             Began as a Minotaur Fighter on Mar 15, 2020.
             Was a High Priest of Okawaru.
             Slain by a red ugly thing (22 damage)
             ... on level 11 of the Dungeon.
             The game lasted 00:31:13 (11725 turns).

Peloso the Carver (Minotaur Fighter)               Turns: 11725, Time: 00:31:14

Health: -5/95      AC: 26    Str: 23    XL:     11   Next: 23%
Magic:  9/11       EV: 11    Int:  5    God:    Okawaru [*****.]
Gold:   587        SH: 14    Dex: 11    Spells: 10/10 levels left

rFire    . . .     SeeInvis +   a - +1 long sword
rCold    . . .     Gourm    .   c - +0 shield
rNeg     . . .     Faith    .   C - +0 plate armour
rPois    .         Spirit   .   (helmet restricted)
rElec    .         Reflect  .   (no cloak)
rCorr    .         Harm     .   n - +2 pair of gloves
MR       .....                  K - +1 pair of boots
Stlth    ..........             (no amulet)
HPRegen  0.25/turn              z - ring of see invisible
MPRegen  0.12/turn              i - +3 ring of protection

@: heroism
A: retaliatory headbutt, horns 2
a: Heroism, Finesse, Renounce Religion


You were on level 11 of the Dungeon.
You worshipped Okawaru.
Okawaru was extremely pleased with you.
You were not hungry.

You visited 1 branch of the dungeon, and saw 11 of its levels.
You also visited: Bailey.

You collected 587 gold pieces.

Inventory:

Hand Weapons
 a - a +1 long sword (weapon)
 b - the +1 trident of the Lonely Beds {pierce, +Inv}
   (You found it on level 6 of the Dungeon)

   It inflicts extra damage upon your enemies.
   It lets you turn invisible.
Armour
 c - a +0 shield (worn)
 n - a +2 pair of gloves (worn)
 C - a +0 plate armour (worn)
 K - a +1 pair of boots (worn)
Jewellery
 i - a +3 ring of protection (right hand)
 m - an uncursed ring of protection from cold
 z - a ring of see invisible (left hand)
 B - an uncursed ring of magical power
Wands
 t - a wand of polymorph (1)
 D - a wand of random effects (13)
 H - a wand of digging (8)
 L - a wand of scattershot (5)
Scrolls
 e - 6 scrolls of enchant armour
 h - 3 scrolls of blinking
 l - 11 scrolls of enchant weapon
 o - a scroll of magic mapping
 x - 3 scrolls of remove curse
 y - 3 scrolls of summoning
 F - 2 scrolls of noise
 G - 4 scrolls of amnesia {unknown}
 I - a scroll of fog {unknown}
 J - 3 scrolls of teleportation
Potions
 d - a potion of might
 g - a potion of haste
 j - 3 potions of agility
 p - 2 potions of berserk rage
 q - a potion of heal wounds
 u - 7 potions of curing
 v - 2 potions of brilliance
 A - a potion of mutation
 E - a potion of flight
 M - a potion of ambrosia
Comestibles
 f - 17 rations


   Skills:
 + Level 8.7(13.7) Fighting
 + Level 12.0(17.0) Long Blades
 + Level 10.7(15.7) Armour
 + Level 2.5(7.5) Dodging
 + Level 0.5(5.5) Stealth
 + Level 11.1(16.1) Shields
 + Level 2.4 Invocations
 + Level 1.1 Evocations


You had 10 spell levels left.
You didn't know any spells.
Your spell library contained the following spells:

 Spells                   Type           Power        Failure   Level  Hunger
 Animate Skeleton         Necr           N/A          99%         1    ##.....
 Apportation              Tloc           #.....       99%         1    ##.....
 Confusing Touch          Hex            #.....       99%         1    ##.....
 Corona                   Hex            #......      99%         1    ##.....
 Sting                    Conj/Pois      #...         99%         1    ##.....
 Summon Small Mammal      Summ           #...         99%         1    ##.....
 Corpse Rot               Necr           N/A          100%        2    ###....
 Poisonous Vapours        Pois/Air       #.....       100%        2    ###....
 Slow                     Hex            #.......     100%        2    ###....
 Sublimation of Blood     Necr           #.........   100%        2    ###....
 Inner Flame              Hex/Fire       #.......     100%        3    ####...
 Mephitic Cloud           Conj/Pois/Air  #.......     100%        3    ####...
 Portal Projectile        Hex/Tloc       #.....       100%        3    ####...
 Cause Fear               Hex            #.........   100%        4    #####..
 Leda's Liquefaction      Hex/Erth       #.........   100%        4    #####..
 Olgreb's Toxic Radiance  Pois           #.......     100%        4    #####..
 Agony                    Necr           #.......     100%        5    ######.
 Bolt of Draining         Conj/Necr      #.........   100%        5    ######.
 Dispel Undead            Necr           #.......     100%        5    ######.
 Excruciating Wounds      Chrm/Necr      #.........   100%        5    ######.
 Venom Bolt               Conj/Pois      #.........   100%        5    ######.


Dungeon Overview and Level Annotations

Branches:
Dungeon (11/15)            Temple (0/1) D:5             Orc (0/2) D:10
 Bailey (visited)
   Lair: D:8-11

Altars:
Ashenzari
Cheibriados
Elyvilon
Fedhas
Gozag
Okawaru
Qazlal
Sif Muna
Vehumet
Zin

Shops:
D:7 }   D:8 =

Annotations:
D:3 Natasha
D:6 2 runed translucent doors


Innate Abilities, Weirdness & Mutations

You reflexively headbutt those who attack you in melee.
You have a pair of horns on your head.


Message History

You headbutt the red ugly thing, but do no damage.
The red ugly thing is moderately wounded.
The hound zombie bites you but does no damage.
You block the red ugly thing's attack.
You hit the red ugly thing but do no damage.
The red ugly thing is moderately wounded.
You block the hound zombie's attack. x2
Your shield and plate armour prevent you from hitting the red ugly thing.
The red ugly thing is moderately wounded.
You block the red ugly thing's attack. You block the hound zombie's attack.
You slash the red ugly thing!
The red ugly thing is heavily wounded.
The red ugly thing punches you.
You are engulfed in flames!!
* * * LOW HITPOINT WARNING * * *
The hound zombie bites you but does no damage.
You gain the combat prowess of a mighty hero.
The red ugly thing punches you!
* * * LOW HITPOINT WARNING * * *
You are engulfed in flames!!
You die...

#....<#### #.....# #
####.## #. #####..###
####.#### ###........##
........# ##.'........'.
........####..#........##
........#....##.....)).#
.......u@.#####........#
.......Z### #......).#
........# #........#
........# #######'##
......(.# ####...#
###.####### #....###
#.......# ####.######
#######.###.........##
#####
#.......##...........


You could see a red ugly thing and a hound zombie.

Vanquished Creatures
  An unseen horror (D:9)
  5 orc knights (Bailey)
  An ugly thing (D:11)
  A gargoyle (D:11)
  A troll (D:10)
  A hippogriff (D:9)
  Eustachio (D:6)
  A steam dragon (D:9)
  Edmund (D:5)
  A water moccasin (D:7)
  11 orc warriors
  A black bear (D:7)
  An ice beast (D:10)
  2 sky beasts
  3 phantoms
  6 ogres
  3 centaurs
  5 bullfrogs
  2 scorpions
  5 killer bees (D:7)
  5 wights (D:7)
  7 howler monkeys
  5 crimson imps
  A bullfrog zombie (D:5)
  A quasit (D:11)
  2 hounds
  3 bullfrog skeletons
  2 centaur skeletons
  2 orc priests
  10 orc wizards
  Ijyb (D:3)
  3 iguanas
  Natasha (D:3)
  6 worker ants
  Terence (D:3)
  A hound skeleton (D:6)
  A worker ant zombie (D:6)
  6 gnolls (D:3)
  11 adders
  5 shadow imps
  2 oozes (D:2)
  An adder skeleton (D:8)
  4 worms
  A dart slug (D:1)
  4 leopard geckos
  61 orcs
  8 bats
  8 giant cockroaches
  11 goblins
  12 hobgoblins
  9 jackals
  5 kobolds
  3 quokkas
  3 ball pythons
  6 frilled lizards
  2 jackal skeletons
  A leopard gecko skeleton (D:4)
  5 rats
  2 bushes (D:4)
275 creatures vanquished.

Vanquished Creatures (others)
  20 fungi (D:11)
  3 plants
23 creatures vanquished.

Grand Total: 298 creatures vanquished

Notes
Turn   | Place    | Note
-------+----------+-------------------------------------------
     0 | D:1      | Peloso the Minotaur Fighter began the quest for the Orb.
     0 | D:1      | Reached XP level 1. HP: 19/19 MP: 0/0
    71 | D:1      | Reached XP level 2. HP: 18/27 MP: 1/1
   315 | D:1      | Reached skill level 3 in Long Blades
   332 | D:1      | Reached XP level 3. HP: 30/33 MP: 2/2
   852 | D:2      | Reached XP level 4. HP: 40/40 MP: 3/3
  1157 | D:2      | Noticed a bullfrog
  1160 | D:2      | Killed a bullfrog
  1160 | D:2      | Reached skill level 4 in Long Blades
  1160 | D:2      | Reached XP level 5. HP: 47/47 MP: 4/4
  1239 | D:3      | Found a glowing silver altar of Zin.
  1559 | D:3      | Found a shimmering blue altar of Sif Muna.
  1783 | D:3      | Reached skill level 5 in Shields
  1787 | D:3      | Reached skill level 5 in Long Blades
  1879 | D:3      | Noticed Ijyb
  1883 | D:3      | Killed Ijyb
  1883 | D:3      | Reached XP level 6. HP: 53/53 MP: 5/5
  1917 | D:3      | Noticed Natasha
  1923 | D:3      | Killed Natasha
  2351 | D:3      | Noticed Terence
  2360 | D:3      | Killed Terence
  2370 | D:3      | Found an iron altar of Okawaru.
  2370 | D:3      | Found a snail-covered altar of Cheibriados.
  2477 | D:4      | Reached skill level 5 in Armour
  2541 | D:4      | Reached skill level 1 in Dodging
  2560 | D:4      | Reached XP level 7. HP: 21/60 MP: 6/6
  2808 | D:4      | Reached skill level 5 in Fighting
  2852 | D:4      | Reached skill level 6 in Long Blades
  3008 | D:4      | Found a stormy altar of Qazlal.
  3301 | D:3      | Found a shattered altar of Ashenzari.
  3301 | D:3      | Found an opulent altar of Gozag.
  3301 | D:3      | Noticed Natasha
  3312 | D:3      | Became a worshipper of Warmaster Okawaru
  3795 | D:5      | Entered Level 5 of the Dungeon
  3849 | D:5      | Noticed Edmund
  3872 | D:5      | Reached skill level 7 in Long Blades
  3933 | D:5      | Reached XP level 8. HP: 39/69 MP: 7/7
  4106 | D:5      | Found a blossoming altar of Fedhas.
  4601 | D:5      | Killed Edmund
  4920 | D:5      | Found a staircase to the Ecumenical Temple.
  5146 | D:6      | Found a glowing silver altar of Zin.
  5147 | D:6      | Got a dazzling trident
  5160 | D:6      | Identified the cursed +1 trident of the Lonely Beds
                  | {pierce, +Inv} (You found it on level 6 of the Dungeon)
  5191 | D:6      | Noticed Eustachio
  5205 | D:6      | Killed Eustachio
  5207 | D:6      | Found a runed translucent door.
  5210 | D:6      | Found a runed translucent door.
  5233 | D:6      | Reached skill level 8 in Long Blades
  5361 | D:6      | Reached skill level 1 in Evocations
  5406 | D:6      | Reached * piety under Okawaru
  5413 | D:6      | Found a radiant altar of Vehumet.
  5686 | D:7      | Found a flagged portal.
  5707 | D:7      | Reached XP level 9. HP: 48/75 MP: 8/8
  5762 | Bailey   | Entered a bailey
  6181 | Bailey   | Reached skill level 9 in Long Blades
  6184 | Bailey   | Reached ** piety under Okawaru
  6574 | Bailey   | Noticed an orc knight
  6630 | Bailey   | Killed an orc knight
  6632 | Bailey   | Noticed an orc knight
  6642 | Bailey   | Noticed an orc knight
  6650 | Bailey   | Killed an orc knight
  6650 | Bailey   | Reached skill level 1 in Invocations
  6677 | Bailey   | Killed an orc knight
  6677 | Bailey   | Reached skill level 10 in Long Blades
  6677 | Bailey   | Reached XP level 10. HP: 32/86 MP: 6/9
  6681 | Bailey   | Reached *** piety under Okawaru
  6712 | Bailey   | Noticed an orc knight
  6712 | Bailey   | Noticed an orc knight
  6733 | Bailey   | Killed an orc knight
  6733 | Bailey   | Reached skill level 10 in Shields
  6741 | Bailey   | Killed an orc knight
  7327 | D:7      | Reached **** piety under Okawaru
  7336 | D:7      | Found Ikaf's Gadget Boutique.
  7773 | D:7      | Reached skill level 10 in Armour
  7837 | D:7      | Reached skill level 11 in Long Blades
  9010 | D:8      | Found a white marble altar of Elyvilon.
  9078 | D:8      | Found Etued's Jewellery Boutique.
  9746 | D:9      | Noticed an unseen horror
  9769 | D:9      | Killed an unseen horror
  9769 | D:9      | Reached ***** piety under Okawaru
  9833 | D:9      | Received a gift from Okawaru
  9843 | D:9      | Reached XP level 11. HP: 90/95 MP: 11/11
  9853 | D:9      | Got a pitted demon whip {god gift}
  9854 | D:9      | Identified the +1 demon whip "Buquss" {vamp, +Blink rC+
                  | Str+3} (Okawaru gifted it to you on level 9 of the Dungeon)
 10484 | D:10     | Entered Level 10 of the Dungeon
 10604 | D:10     | Found a shattered altar of Ashenzari.
 10797 | D:10     | Found a staircase to the Orcish Mines.
 11642 | D:11     | Noticed a purple ugly thing
 11661 | D:11     | Killed a purple ugly thing
 11661 | D:11     | Reached skill level 12 in Long Blades
 11709 | D:11     | Noticed a red ugly thing
 11725 | D:11     | Slain by a red ugly thing

Levels and vault maps discovered:
D:1:      matt_arrival_refuge, layout_basic, grunt_decor_mini_mirrors
D:2:      layout_basic, first_ration, solitary_fountain
D:3:      layout_basic, nicolae_overflow_hidden_temple, lemuel_doored_altar,
          uniq_ijyb, uniq_natasha, uniq_terence
D:4:      layout_rooms, kennysheep_little_box, serial_forest,
          infiniplex_forest_lined_corner, infiniplex_forest_end_3,
          infiniplex_forest_end_3, infiniplex_forest_lined_ring,
          infiniplex_forest_clump_double, infiniplex_forest_end_1
D:5:      layout_basic, fedhas_altar_2, temple_green, uniq_edmund
D:6:      lemuel_insect_pit, layout_rooms, old_standard_altar, basic_altar,
          uniq_eustachio
D:7:      layout_layer_cave, serial_shops, shop_fountains, enter_bailey_8,
          grunt_ogre_cave, bh_walls_and_bars
D:8:      layout_loops_ring, elyvilon_altar_4, serial_shops, shop
D:9:      layout_stronghold, kennysheep_flooded_box
D:10:     layout_layer_cave, orc_0_dummy, ashenzari_altar_1
D:11:     layout_roguey, due_lair_maze_entry_diamond, st_stairs_8, uniq_nergalle

Skill      XL: |  1  2  3  4  5  6  7  8  9 10 11 |
---------------+----------------------------------+-----
Shields        | 4 5 6 7 9 10 11 | 11.1
Fighting       | 4 5 6 7 8 |  8.7
Armour         | 4 5 6 8 9 10 | 10.7
Long Blades    | 3 4 5 7 8 10 11 12 | 12.0
Dodging        | 1 2 |  2.5
Evocations     | 1 |  1.1
Invocations    | 1 2 |  2.4
Stealth        | |  0.5

Action                   |  1- 3 |  4- 6 |  7- 9 | 10-12 || total
-------------------------+-------+-------+-------+-------++-------
Melee: Long sword        |    91 |   162 |   451 |   379 ||  1083
       Headbutt          |     9 |    31 |   115 |    86 ||   241
Invok: Heroism           |       |       |     7 |     3 ||    10
Evoke: Wand              |       |     2 |     6 |       ||     8
  Use: Potion            |     2 |       |     7 |     1 ||    10
       Scroll            |       |       |    15 |     5 ||    20
  Eat: Chunk             |       |     5 |    14 |    13 ||    32
       Ration            |       |       |       |     1 ||     1
Armor: Scale mail        |    45 |    33 |       |       ||    78
       Chain mail        |       |    50 |    86 |       ||   136
       Plate armour      |       |       |   135 |   158 ||   293
Dodge: Dodged            |    40 |    40 |   115 |    84 ||   279
Block: Shield            |    37 |    83 |   276 |   213 ||   609
       Rpst.: Long sword |    12 |     9 |    32 |    27 ||    80
